wizbiz, neutral female human Wizard ----- ... ------------ ! |......>...| . ##...........| . # |....[.....| ## ### |..........+ @ # |..........| ### ### |..........| # # # ------------ ## # ----.-# |....|# |...<|# |....|# |....-# ------ wizbiz the Conjurer Experience level: 4 Strength: 9 Dexterity: 15 Constitution: 13 Intelligence: 18 Wisdom: 11 Charisma: 10 Health: 20(32) Energy: 25(28) Def: 2 Gold: 426 Moves: 1312 Dungeon seed: gsENvHeGSVDPPAPN Game ID: wizbiz_1526303644 Your Inventory: Coins $ - 426 gold pieces Amulets x - an uncursed amulet of ESP Weapons a - a blessed +1 quarterstaff (weapon in hands) A - 5 +0 daggers Armor e - an uncursed +0 cloak of magic resistance (being worn) q - an uncursed +0 orcish helm (being worn) Scrolls i - an uncursed scroll of confuse monster j - a blessed scroll of teleportation k - a blessed scroll of create monster u - an uncursed scroll of enchant weapon z - an uncursed scroll of punishment Spellbooks l - a blessed spellbook of force bolt m - an uncursed spellbook of cause fear Potions f - an uncursed potion of restore ability g - an uncursed potion of levitation h - a blessed potion of object detection p - an uncursed potion of acid Rings c - an uncursed ring of invisibility d - an uncursed ring of stealth (on right hand) t - an uncursed ring of see invisible Wands b - a wand of enlightenment (0:12) n - a wand of probing (0:7) Tools B - 4 uncursed tallow candles (0:200) Gems r - an uncursed worthless piece of black glass y - an uncursed jet stone Spells and supernatural/magical abilities: Name Level Category Fail Memory a - force bolt 1 attack 0% 94% c - cause fear 3 enchantment 6% 94% W - pray for help -- divine ? -- Your skills at the end: Fighting Skills Weapon Skills quarterstaff [Basic] Spellcasting Skills attack spells [Basic] enchantment spells [Basic] Final Attributes: You were devoutly aligned. You were magic-protected. You were stealthy. You survived. Vanquished creatures: a small mimic a gnome lord a kitten a dwarf 2 acid blobs a large kobold a gecko 9 jackals 2 foxes a kobold 2 goblins 4 sewer rats 5 grid bugs a lichen a kobold zombie 2 newts 35 creatures vanquished. Voluntary challenges: You were an atheist. You used a wielded weapon 33 times, starting on turn 78. You were illiterate. You never genocided any monsters. You never polymorphed an object. You never changed form. You used no wishes. You never split a pudding. You never wrote Elbereth's name. You violated your moral code, losing 14 points of alignment, starting on turn 511. Dungeon overview: The Dungeons of Doom: levels 1 to 5 Level 1 a long staircase Level 2 a weapon shop, a fountain Level 3 a general store, a fountain Level 4 <- You were here Level 5 History has recorded: On T:1 you entered the Dungeons of Doom to retrieve the Amulet of Yendor! On T:186 you reached level 2 of The Dungeons of Doom. On T:218 you advanced to experience level 2. On T:577 you advanced to experience level 3. On T:745 you advanced to experience level 4. On T:767 you reached level 3 of The Dungeons of Doom. On T:942 you reached level 4 of The Dungeons of Doom. On T:1234 you reached level 5 of The Dungeons of Doom. Score breakdown: Gold: 426 ( 8947 points) Experience: 4 levels ( 9649 points) Exploration: 5 levels ( 10.64%) ( 8846 points) Discoveries: 3 items ( 1.05%) ( 3067 points) Valuables value: (no points given unless you survive) Artifact value: 0 ( 0 points) Variety of kills: 16 monsters ( 4.20%) ( 6147 points) Turncount: 1312 turns ( 0 points) Survival: quit (score multiplied by 90%) Total score: 32990 Latest messages: You kill the dwarf! $ - 157 gold pieces. There are a few more objects here. z - a scroll labeled TEMOV. You stop exploring. The gnome lord wields a dagger! You hit the gnome lord. (2x) The gnome lord thrusts his dagger. The gnome lord hits! You hit the gnome lord. The gnome lord thrusts his dagger. The gnome lord hits! You miss the gnome lord. The spell hits the gnome lord! You kill the gnome lord! There are a few objects here. This gnome lord corpse tastes terrible! You finish eating the gnome lord corpse. A - 5 daggers. B - 4 candles. Final status: Goodbye wizbiz the Wizard, quit... You quit in The Dungeons of Doom on dungeon level 4 with 32990 points, and 426 pieces of gold, after 1312 moves. You were level 4 with a maximum of 32 hit points when you quit.